 Dungeon Crawl Stone Soup version 0.32-a0-999-gfa1cc04b1d (webtiles) character file.

Game seed: 2986545417190662645

6995 Findleman the Carver (level 10, -8/103 HPs)
             Began as a Minotaur Gladiator on Apr 25, 2024.
             Was a Priest of Okawaru.
             Mangled by a merfolk
             ... wielding a +0 trident
              (14 damage)
             ... on level 9 of the Dungeon.
             The game lasted 00:17:41 (10252 turns).

Findleman the Carver (Minotaur Gladiator)          Turns: 10252, Time: 00:17:41

Health: -8/103     AC: 14    Str: 33    XL:     10   Next: 82%
Magic:  9/9        EV:  7    Int:  4    God:    Okawaru [***...]
Gold:   544        SH:  0    Dex: 11    Spells: 9/9 levels left

rFire   . . .        N - +3 scimitar
rCold   . . .        (no shield)
rNeg    . . .        D - +0 plate armour
rPois   +            c - +0 hat
rElec   .            x - +2 cloak {rPois}
rCorr   +            h - +0 pair of gloves
SInv    .            (no boots)
Will    +....        (no amulet) Stlth
                     B - ring "Sofooklo" {Fly rPois Will+ rCorr}
HPRegen 0.37/turn    G - +6 ring of strength
MPRegen 0.11/turn

%: no passive effects
@: flying, hasted, very quick
A: horns 2, retaliatory headbutt, strong 1, wild magic 2
a: Renounce Religion, Heroism


You were on level 9 of the Dungeon.
You worshipped Okawaru.
Okawaru was most pleased with you.
You visited 2 branches of the dungeon, and saw 10 of its levels.
You also visited: Bailey.

You collected 544 gold pieces.

Inventory:

Hand Weapons
 e - a +4 broad axe
 t - a +1 dagger of venom
 u - a +1 dagger of pain
 N - a +3 scimitar (weapon)
Missiles
 d - 3 throwing nets (quivered)
Armour
 c - a +0 hat (worn)
 h - a +0 pair of gloves (worn)
 x - a +2 cloak of poison resistance (worn)
 D - a +0 plate armour (worn)
 P - the +2 buckler of Sorcery {+Inv Dex+3}
   (You acquired it in a bailey)

   Dex+3:     It affects your dexterity (+3).
   +Inv:      It lets you turn invisible.
Jewellery
 w - a ring of protection from cold
 B - the ring "Sofooklo" (left hand) {Fly rPois Will+ rCorr}
   (You acquired it in a bailey)

   [ring of flight]

   rPois:     It protects you from poison.
   Will+:     It increases your willpower.
   Fly:       It grants you flight.
   rCorr:     It protects you from acid and corrosion.
 G - a +6 ring of strength (right hand)
 J - a ring of poison resistance
Wands
 q - a wand of flame (35)
 r - a wand of mindburst (18)
 z - a wand of warping (15)
 E - a wand of digging (8)
 I - a wand of charming (17)
 M - a wand of polymorph (11)
 O - a wand of light (5)
Scrolls
 a - a scroll of silence {unknown}
 f - 6 scrolls of identify {unknown}
 g - 3 scrolls of poison {unknown}
 i - a scroll of enchant armour {unknown}
 j - a scroll of enchant weapon {unknown}
 k - 4 scrolls of fog {unknown}
 l - 3 scrolls of vulnerability {unknown}
 m - a scroll of amnesia {unknown}
 o - a scroll of noise {unknown}
 s - 3 scrolls of teleportation {unknown}
 v - 2 scrolls of blinking {unknown}
 y - 3 scrolls of summoning {unknown}
 A - 2 scrolls of torment {unknown}
 K - a scroll of immolation {unknown}
 L - a scroll of revelation {unknown}
 Q - a scroll of fear {unknown}
Potions
 b - a potion of brilliance
 p - 3 potions of might
 C - a potion of degeneration
 R - a potion of mutation


   Skills:
 + Level 14.1 Fighting
 + Level 14.3 Long Blades
 - Level 2.0 Throwing
 - Level 3.2 Dodging


You had 9 spell levels left.
You didn't know any spells.
Your spell library contained the following spells:

 Spells                   Type           Power      Damage    Failure   Level
 Blink                    Tloc           0%         N/A       100%        2
 Lesser Beckoning         Tloc           0%         N/A       100%        2
 Momentum Strike          Conj/Tloc      0%         3d8       100%        2
 Hailstorm                Conj/Ice       0%         3d5       100%        3
 Maxwell's Portable Pile  Tloc           0%         2d(5-13)  100%        3
 Permafrost Eruption      Ice/Erth       0%         2x4d1     100%        6
 Magnavolt                Erth/Air       0%         3d9       100%        7
 Maxwell's Capacitive Co  Air            0%         ∞         100%        8
 Summon Ice Beast         Ice/Summ       Unusable   N/A       N/A         3
 Sculpt Simulacrum        Ice/Alch       Unusable   N/A       N/A         6

Dungeon Overview and Level Annotations

Branches:
Dungeon (9/15)             Temple (1/1) D:7          Bailey (visited)
   Lair: D:8-11         Orc: D:9-12

Altars:
Ashenzari
Cheibriados
Dithmenos
Elyvilon
Fedhas
Gozag
Hepliaklqana
Kikubaaqudgha
Makhleb
Nemelex Xobeh
Okawaru
Qazlal
Ru
Sif Muna
Trog
Uskayaw
Vehumet
Wu Jian
Xom
Yredelemnul
Zin
The Shining One

Shops:
D:7 :


Innate Abilities, Weirdness & Mutations

You have a pair of horns on your head.
You reflexively headbutt those who attack you in melee.
Your muscles are strong. (Str +4, Int/Dex -1)
Your spells are harder to cast, but more powerful.


Message History

The merfolk hits you with a +0 trident!
* * * LOW HITPOINT WARNING * * *
The gnoll sergeant hits you with a +0 spear.
* * * LOW HITPOINT WARNING * * *
You feel much better. The merfolk hits you with a +0 trident.
The gnoll sergeant hits you but does no damage.
You closely miss the merfolk.
The merfolk is severely wounded.
The merfolk barely misses you.
You closely miss the merfolk. You headbutt the merfolk.
The merfolk is almost dead.
The gnoll sergeant completely misses you.
The merfolk hits you with a +0 trident!
* * * LOW HITPOINT WARNING * * *
You barely miss the merfolk.
The merfolk is almost dead.
The gnoll sergeant barely misses you.
You hit the merfolk but do no damage.
The merfolk is almost dead.
The merfolk completely misses you.
The gnoll sergeant hits you but does no damage.
You miss the merfolk.
The merfolk is almost dead.
The merfolk hits you with a +0 trident!
* * * LOW HITPOINT WARNING * * *
You hit the merfolk.
The merfolk is almost dead.
The gnoll sergeant completely misses you.
You furiously retaliate!
You headbutt the gnoll sergeant. You hit the gnoll sergeant.
You headbutt the gnoll sergeant, but do no damage.
The gnoll sergeant is severely wounded.
The merfolk hits you but does no damage.
The gnoll sergeant hits you with a +0 spear!
* * * LOW HITPOINT WARNING * * *
You feel better. The merfolk hits you with a +0 trident!
* * * LOW HITPOINT WARNING * * *
The gnoll sergeant hits you but does no damage.
You feel yourself speed up. The merfolk hits you with a +0 trident!
You die...

.# # ## #.. ##.~
.####..~#######
.......##.#.#.# #
./...##.#.#.#.#.#.
#..#..)$)m......
#.)'.).)@g......
#..#...)........
#.)##.#.#.#.#.#.
#..##.#.#.# #
#..~#######
##.~~#####
##########...~≈≈≈≈
....>..).))..~≈~≈≈
..................


You could see a merfolk and a gnoll sergeant.

Vanquished Creatures
  An orc warlord (Bailey)
  Maurice (D:8)
  Joseph (D:7)
  Maggie (D:6)
  Psyche (D:8)
  3 hornets
  Prince Ribbit (D:6)
  Grinder (D:3)
  Sigmund (D:3)
  Eustachio (D:4)
  A steam dragon (D:8)
  2 water moccasins
  5 orc warriors
  2 sky beasts (D:7)
  3 ice beasts
  3 centaurs
  A phantom (D:5)
  2 kobold brigands
  A bullfrog (D:8)
  A scorpion (D:2)
  8 wights
  4 killer bees
  8 howler monkeys
  2 jellies
  2 bombardier beetles
  3 gnoll boudas
  Crazy Yiuf (D:3)
  2 sleepcaps (D:6)
  Natasha (thrice) (D:3)
  2 iguanas (D:6)
  3 orc wizards
  Terence (D:2)
  Robin (D:3)
  6 adders
  29 gnolls
  A shadow imp (D:5)
  3 white imps
  A ribbon worm (D:3)
  A dart slug (D:4)
  32 orcs
  5 ball pythons
  8 endoplasms
  A giant cockroach (D:1)
  19 goblins
  12 hobgoblins
  A jackal (D:3)
  5 quokkas
  A bat (D:1)
  3 frilled lizards
  24 kobolds
  5 rats
230 creatures vanquished.

Vanquished Creatures (others)
  An orc wizard (D:8)
1 creature vanquished.

Grand Total: 231 creatures vanquished

Notes
Turn   | Place    | Note
-------+----------+-------------------------------------------
     0 | D:1      | Findleman the Minotaur Gladiator began the quest for the
                  | Orb.
     0 | D:1      | Reached XP level 1. HP: 18/18 MP: 0/0
   114 | D:1      | Reached XP level 2. HP: 18/26 MP: 1/1
   282 | D:1      | You fall into a shaft and drop 1 floor!
   930 | D:2      | Reached XP level 3. HP: 25/31 MP: 2/2
  1113 | D:2      | Noticed a scorpion
  1118 | D:2      | Killed a scorpion
  1119 | D:2      | Reached skill level 5 in Long Blades
  1119 | D:2      | Reached XP level 4. HP: 41/41 MP: 3/3
  1191 | D:2      | Noticed Terence
  1194 | D:2      | Killed Terence
  1549 | D:3      | Reached XP level 5. HP: 47/47 MP: 4/4
  1576 | D:3      | Noticed Natasha
  1581 | D:3      | Killed Natasha
  1582 | D:3      | Reached skill level 5 in Fighting
  1813 | D:3      | Noticed Natasha
  1820 | D:3      | Killed Natasha
  2005 | D:3      | Noticed Grinder
  2010 | D:3      | Killed Grinder
  2011 | D:3      | Reached XP level 6. HP: 32/57 MP: 5/5
  2197 | D:3      | Noticed Robin
  2214 | D:3      | Killed Robin
  2312 | D:3      | Noticed Natasha
  2316 | D:3      | Killed Natasha
  2483 | D:3      | Noticed Sigmund
  2489 | D:3      | Killed Sigmund
  2490 | D:3      | Reached XP level 7. HP: 61/66 MP: 6/6
  2932 | D:3      | Found a runed translucent door.
  2933 | D:3      | Noticed Crazy Yiuf
  3241 | D:3      | Killed Crazy Yiuf
  3692 | D:4      | Found a radiant altar of Vehumet.
  3820 | D:4      | Noticed Eustachio
  3836 | D:4      | Killed Eustachio
  3997 | D:5      | Entered Level 5 of the Dungeon
  4175 | D:5      | Reached XP level 8. HP: 41/74 MP: 7/7
  5501 | D:6      | Noticed Prince Ribbit
  5514 | D:6      | Killed Prince Ribbit
  5515 | D:6      | Reached skill level 10 in Long Blades
  6154 | D:6      | Noticed Maggie
  6164 | D:6      | Killed Maggie
  6165 | D:6      | Reached skill level 10 in Fighting
  6165 | D:6      | Reached XP level 9. HP: 58/85 MP: 8/8
  7021 | D:7      | Noticed Joseph
  7189 | D:7      | Killed Joseph
  7578 | D:7      | Found a staircase to the Ecumenical Temple.
  7623 | D:7      | Found Lughiost's Tremendous Tomes.
  7677 | Temple   | Entered the Ecumenical Temple
  7743 | Temple   | Became a worshipper of Warmaster Okawaru
  8039 | D:8      | Paralysed by a hornet for 2 turns
  8042 | D:8      | HP: 4/90 [orc warrior/+0 long sword (12)]
  8049 | D:8      | Noticed Psyche
  8059 | D:8      | Killed Psyche
  8059 | D:8      | Reached * piety under Okawaru
  8066 | D:8      | Reached XP level 10. HP: 49/99 MP: 9/9
  8104 | D:8      | Noticed Maurice
  8122 | D:8      | Something stole a +3 scimitar
  8124 | D:8      | Something stole a ring of protection from cold
  8130 | D:8      | Gained mutation: You are occasionally teleported next to
                  | monsters. [potion of mutation]
  8130 | D:8      | Gained mutation: You are strong-willed. (Will+) [potion of
                  | mutation]
  8130 | D:8      | Gained mutation: Your mind is acute. (Int +4, Str/Dex -1)
                  | [potion of mutation]
  8130 | D:8      | Gained mutation: Your flesh is cold resistant. (rC+)
                  | [potion of mutation]
  8146 | D:8      | Found a flagged portal.
  8155 | Bailey   | Entered a bailey
  8212 | Bailey   | Noticed an orc warlord
  8394 | Bailey   | Reached ** piety under Okawaru
  8395 | Bailey   | Found a runed translucent gate.
  8395 | Bailey   | Found a runed translucent gate.
  8395 | Bailey   | Found a runed translucent gate.
  8465 | Bailey   | HP: 1/99 [orc warlord/+4 broad axe (10)]
  8466 | Bailey   | Killed an orc warlord
  8485 | Bailey   | Acquired the +2 buckler of Sorcery {+Inv Dex+3}
  8487 | Bailey   | Acquired the ring "Sofooklo" {Fly rPois Will+ rCorr}
  8824 | Bailey   | Lost mutation: Your flesh is cold resistant. (rC+) [potion
                  | of mutation]
  8824 | Bailey   | Lost mutation: You are occasionally teleported next to
                  | monsters. [potion of mutation]
  8824 | Bailey   | Gained mutation: You are vulnerable to heat. (rF-) [potion
                  | of mutation]
  8824 | Bailey   | Gained mutation: Your spells are a little harder to cast,
                  | but a little more powerful. [potion of mutation]
  8824 | Bailey   | Gained mutation: Your spells are harder to cast, but more
                  | powerful. [potion of mutation]
  8825 | Bailey   | Lost mutation: Your mind is acute. (Int +4, Str/Dex -1)
                  | [potion of mutation]
  8825 | Bailey   | Lost mutation: You are strong-willed. (Will+) [potion of
                  | mutation]
  8825 | Bailey   | Lost mutation: You are vulnerable to heat. (rF-) [potion of
                  | mutation]
  8825 | Bailey   | Gained mutation: Your muscles are strong. (Str +4, Int/Dex
                  | -1) [potion of mutation]
  8928 | D:8      | Killed Maurice
  9175 | D:8      | Found a hide-covered altar of Uskayaw.
  9658 | D:8      | Reached *** piety under Okawaru
 10251 | D:9      | HP: 5/103 [merfolk/+0 trident (12)]
 10252 | D:9      | Mangled by a merfolk

Illustrated notes

Levels and vault maps discovered:
D:1:      minmay_arrival_diagonal_passages, layout_loops_cross
D:2:      layout_basic, uniq_terence
D:3:      minmay_wonky_spiral, layout_loops_corners, uniq_grinder,
          uniq_crazy_yiuf_cottage, uniq_natasha, uniq_sigmund, uniq_robin
D:4:      layout_rooms, nicolae_vehumet_radiance, uniq_eustachio
D:5:      layout_loops_corners
D:6:      layout_basic, minmay_misc_feat_rows, uniq_prince_ribbit1, uniq_maggie
D:7:      layout_loops_ring, minmay_temple_entry_enclosed_plants,
          nicolae_shop_i_like_big_books, uniq_joseph
D:8:      layout_loops_ring, eat_drink_and_be_merry_uskayaw, enter_bailey_2,
          minmay_misc_feat_plants, amcnicky_mini_pool_small, grunt_ministairs_6,
          minmay_strange_pillars, kennysheep_generic_room_16, uniq_psyche,
          uniq_maurice
D:9:      layout_long_grid, roadster_trireme
Temple:   mainiacjoe_temple_cubbyholes

Skill      XL: |  1  2  3  4  5  6  7  8  9 10 |
---------------+-------------------------------+-----
Fighting       | 3 4 6 7 8 10 12 14 | 14.1
Long Blades    | 4 5 6 7 8 10 12 14 | 14.3
Throwing       | |  2.0
Dodging        | |  3.2

Action                     |  1- 3 |  4- 6 |  7- 9 | 10-12 || total
---------------------------+-------+-------+-------+-------++-------
  Melee: Long sword        |    10 |       |       |       ||    10
         Great sword       |    32 |    66 |   298 |   129 ||   525
         Headbutt          |     3 |     9 |    42 |    31 ||    85
         Scimitar          |       |       |       |    53 ||    53
 Invoke: Heroism           |       |       |       |     1 ||     1
    Use: Potion            |       |     2 |     7 |    14 ||    23
         Scroll            |       |       |       |     2 ||     2
 Armour: Leather armour    |    30 |    51 |    65 |       ||   146
         Plate armour      |       |       |   225 |   258 ||   483
  Dodge: Dodged            |    22 |    43 |   139 |   114 ||   318

Table legend: (Time is in decaauts)
 A = Elapsed time spent in this place.
 B = Non-inter-level travel time spent in this place.
 C = Inter-level travel time spent in this place.
 D = Time resting spent in this place.
 E = Time spent auto-exploring this place.
 F = Levels seen in this place.
 G = Mean time per level.
                   A        B        C        D        E       F      G
               +--------+--------+--------+--------+--------+-----+--------+
         Total |  10293 |   9937 |    356 |   1705 |   6465 |  11 |  935.7 |
       Dungeon |   9413 |   9156 |    257 |   1372 |   6263 |   9 | 1045.9 |
        Temple |    121 |     22 |     99 |      0 |      0 |   1 |  121.0 |
        Bailey |    757 |    757 |      0 |    333 |    202 |   1 |  757.0 |
               +--------+--------+--------+--------+--------+-----+--------+

Top non-repeatable levels by time:
     D:3: 1850 daAuts
     D:6: 1311 daAuts
     D:7: 1299 daAuts
     D:5: 1246 daAuts
     D:8: 1162 daAuts
     D:2: 808 daAuts
     D:1: 759 daAuts
  Bailey: 757 daAuts
     D:4: 624 daAuts
     D:9: 351 daAuts
  Temple: 121 daAuts
